 Dungeon Crawl Stone Soup version 0.18.1-8-gdd0e5ea (webtiles) character file.

3406 nikopol the Spear-Bearer (level 9, 0/81 HPs)
             Began as a Minotaur Berserker on June 11, 2016.
             Was an Elder of Trog.
             Slain by a catoblepas (9 damage)
             ... on level 8 of the Dungeon.
             The game lasted 00:19:23 (7662 turns).

nikopol the Spear-Bearer (Minotaur Berserker)       Turns: 7662, Time: 00:19:23

Health: 0/81       AC: 16    Str: 23    XL:     9   Next: 75%
Magic:  8/8        EV:  2    Int:  4    God:    Trog [****..]
Gold:   398        SH:  0    Dex: 12    Spells: 0 memorised, 8 levels left

rFire  + . .     SeeInvis .     x - +1 trident (protect)
rCold  x . .     Gourm    .     h - +0 ring mail
rNeg   + + +     Faith    .     (no shield)
rPois  ∞         Spirit   .     (helmet restricted)
rElec  .         Dismiss  +     M - +1 cloak
rCorr  .         Reflect  .     y - +0 pair of gloves
SustAt .         Harm     .     k - +0 pair of boots
MR     .....                    w - amulet of dismissal
Stlth  +.........               (no ring)
                                p - ring of fire

@: exhausted, petrified, slowed, not resistant to hostile enchantments, very
unstealthy
A: retaliatory headbutt, horns 2
a: Berserk, Trog's Hand, Brothers in Arms, Burn Spellbooks, Renounce Religion


You were on level 8 of the Dungeon.
You worshipped Trog.
Trog was greatly pleased with you.
You were very hungry.

You visited 1 branch of the dungeon, and saw 8 of its levels.
You also visited: Ossuary.

You collected 398 gold pieces.

Inventory:

Hand Weapons
 a - a +0 spear
 c - a +4 shortbow
 x - a +1 trident of protection (weapon)
Missiles
 d - 171 arrows (quivered)
Armour
 b - a +0 animal skin
 h - a +0 ring mail (worn)
 k - a +0 pair of boots (worn)
 y - a +0 pair of gloves (worn)
 M - a +1 cloak (worn)
 O - a +1 leather armour of poison resistance
 P - a +0 cloak
 R - a +3 ring mail
Jewellery
 p - a ring of fire (left hand)
 w - an amulet of dismissal (around neck)
 A - a cursed -3 ring of dexterity {unknown}
 N - an uncursed ring of ice {unknown}
 S - a cursed ring of teleportation {unknown}
Wands
 C - a wand of flame (17/48)
 Q - a wand of polymorph (10/24)
 V - a wand of digging (9/24)
 X - a wand of disintegration (4/24)
Scrolls
 e - 4 scrolls of teleportation
 f - 3 scrolls of random uselessness
 m - 6 scrolls of remove curse
 o - 10 scrolls of identify
 q - 2 scrolls of fog
 r - 2 scrolls of noise
 u - 2 scrolls of enchant weapon {unknown}
 z - 3 scrolls of recharging
 D - 5 scrolls of fear {unknown}
 E - a scroll of blinking {unknown}
 F - 3 scrolls of immolation {unknown}
 U - a scroll of magic mapping {unknown}
Potions
 i - a potion of cancellation {unknown}
 j - a potion of flight {unknown}
 l - 7 potions of curing
 s - 3 potions of degeneration {unknown}
 v - 6 potions of mutation {unknown}
 B - 2 potions of brilliance {unknown}
 G - 2 potions of heal wounds
 H - 3 potions of lignification {unknown}
 I - a potion of might {unknown}
 J - 2 potions of ambrosia {unknown}
 K - 2 potions of cure mutation {unknown}
 L - a potion of berserk rage {unknown}
 W - a potion of agility {unknown}
Books
 t - a book of the Dragon

   Spells                             Type                      Level
   a - Flame Tongue                   Conjuration/Fire             1
   b - Cause Fear                     Hexes                        4
   c - Bolt of Fire                   Conjuration/Fire             6
   d - Dragon Form                    Transmutation                7
   e - Dragon's Call                  Summoning                    9
   Trog disapproves of the use of such an item.
Comestibles
 g - 7 bread rations
 n - 5 meat rations
 T - a beef jerky


   Skills:
 + Level 7.8 Fighting
 * Level 9.5 Polearms
 * Level 6.7 Bows
 + Level 7.3 Armour
 + Level 6.7 Dodging


You had 8 spell levels left.
You didn't know any spells.

Dungeon Overview and Level Annotations

Branches:
Dungeon (8/15)             Temple (0/1) D:5
   Lair: D:8-11

Altars:
Cheibriados
Kikubaaqudgha
Makhleb
Ru
Yredelemnul
The Shining One

Annotations:
D:4 Duvessa


Innate Abilities, Weirdness & Mutations

You reflexively headbutt those who attack you in melee.
You have a pair of horns on your head.


Message History

You turn to flesh and can move again.
You are feeling hungry.
You puncture the catoblepas! You headbutt the catoblepas.
The catoblepas is heavily wounded.
You are engulfed in calcifying dust.
You are slowing down.
The catoblepas gores you!
* * * LOW HITPOINT WARNING * * *
You puncture the catoblepas! You headbutt the catoblepas!
The catoblepas is almost dead.
You are engulfed in calcifying dust.
Your limbs have turned to stone.
You are no longer berserk.
You are exhausted.
You feel yourself slow down.
You are feeling very hungry.
You have turned to stone.
The catoblepas gores you!!
* * * LOW HITPOINT WARNING * * *
The catoblepas gores you!!
You die...

## ## ### ### ### ### ?#
#[# #(###.###.###.###.#
#.# #.#
#.#.#.#.#.#.#.#.#. ####
#l# #.# #.###.###.###.#.#
...# #.#
#§#.#.#.#.#.#.#.#.#. ...#
#§# #.###.###.###.#.#.#
...#
#Y#.#.#.#.#.#.#.#.#.#.
...#
#y###.###.###.#.#.###
...#
#.#§#@#.#.#.#.#.#.#.#.
...#
#.###Y###.###.#.#.###.#
...# .#
#.#.#.#.#.#.#.#.#.#. ####
#.# #.###.#.#.###.### ..#
#.# #.#.#.#.#.#.#.#.#.
..# #.#.#.#
#.#.#.###.###.# ..# #.#
#.# #.#.#.#.#.#.#.#. ..#
#.#.#.#.#.#.#.###.###.###
..# .# #.#
#.#.#.#.#.#)#.#.#.


You could see a catoblepas.

Vanquished Creatures
  Pikel (D:4)
  Sigmund (D:4)
  A wraith (Ossuary)
  2 hippogriffs (D:7)
  Menkaure (D:5)
  Edmund (D:4)
  A sky beast (D:8)
  2 phantoms
  4 slaves (D:4)
  The ghost of Kilrog the Skirmisher, an amateur DsFi of Okawaru (Ossuary)
  The ghost of Malvoorn the Slasher, an amateur DsAK of Lugonu (D:3)
  3 centaurs
  3 ogres
  A crocodile (D:8)
  Blork the orc (D:5)
  2 giant frogs
  Dowan (D:4)
  A scorpion (D:4)
  A howler monkey (D:4)
  2 crimson imps
  A jelly (D:5)
  A quasit (D:8)
  A centaur zombie (D:5)
  A giant frog skeleton (D:8)
  3 orc priests
  Ijyb (D:2)
  6 orc wizards
  3 worker ants
  A hound skeleton (D:4)
  A mummy (Ossuary)
  5 adders
  4 gnolls (D:7)
  2 shadow imps
  An adder skeleton (D:5)
  5 worms
  A dart slug (D:2)
  A giant gecko (D:4)
  27 orcs
  2 ball pythons (D:3)
  5 giant cockroaches
  9 goblins
  6 hobgoblins
  5 kobolds
  2 quokkas
  6 bats
  3 giant newts
  3 gnoll skeletons (Ossuary)
  A jackal zombie (D:7)
  8 kobold skeletons (Ossuary)
  14 orc skeletons (Ossuary)
  6 rats
166 creatures vanquished.

Notes
Turn   | Place    | Note
--------------------------------------------------------------
     0 | D:1      | nikopol the Minotaur Berserker began the quest for the Orb.
     0 | D:1      | Reached XP level 1. HP: 19/19 MP: 0/0
   266 | D:1      | Reached XP level 2. HP: 24/27 MP: 1/1
   665 | D:2      | Reached skill level 4 in Polearms
   738 | D:2      | Reached XP level 3. HP: 22/33 MP: 2/2
  1191 | D:2      | Reached ** piety under Trog
  1192 | D:2      | Noticed Ijyb
  1204 | D:2      | Killed Ijyb
  1204 | D:2      | Reached XP level 4. HP: 40/40 MP: 3/3
  1736 | D:3      | Found a basalt altar of Yredelemnul.
  1764 | D:3      | Found a sacrificial altar of Ru.
  1837 | D:3      | Noticed Malvoorn's ghost (amateur DsAK)
  1851 | D:3      | Killed Malvoorn's ghost
  1851 | D:3      | Reached XP level 5. HP: 44/47 MP: 4/4
  2234 | D:3      | Noticed a phantom
  2260 | D:3      | Killed a phantom
  2260 | D:3      | Reached skill level 5 in Fighting
  2260 | D:3      | Reached skill level 5 in Polearms
  2260 | D:3      | Reached XP level 6. HP: 42/56 MP: 5/5
  2924 | D:4      | You fall through a shaft for 2 floors!
  2945 | D:5      | Entered Level 5 of the Dungeon
  2984 | D:5      | Found a staircase to the Ecumenical Temple.
  3061 | D:5      | Reached XP level 7. HP: 61/61 MP: 6/6
  3063 | D:5      | Reached skill level 6 in Polearms
  3063 | D:5      | Reached skill level 5 in Armour
  3150 | D:4      | Found a snail-covered altar of Cheibriados.
  3218 | D:5      | Noticed Blork the orc
  3221 | D:5      | Reached skill level 1 in Bows
  3221 | D:5      | Reached skill level 5 in Dodging
  3230 | D:5      | Killed Blork the orc
  3232 | D:5      | Reached *** piety under Trog
  3466 | D:5      | Noticed Menkaure
  3469 | D:5      | Killed Menkaure
  3472 | D:5      | Found a sand-covered staircase.
  3480 | Ossuary  | Entered an ossuary
  3480 | Ossuary  | Noticed a wraith
  3480 | Ossuary  | Noticed a wraith
  3480 | Ossuary  | Noticed a wraith
  3548 | Ossuary  | Noticed Kilrog's ghost (amateur DsFi)
  3665 | Ossuary  | Killed Kilrog's ghost
  3665 | Ossuary  | Reached XP level 8. HP: 70/70 MP: 7/7
  3740 | Ossuary  | Reached skill level 7 in Polearms
  4000 | D:4      | Noticed Edmund
  4007 | D:4      | Noticed Duvessa
  4011 | D:4      | Noticed Dowan
  4030 | D:4      | Killed Dowan
  4044 | D:4      | Killed Edmund
  4331 | D:4      | Noticed Pikel
  4638 | D:4      | Killed Pikel
  4638 | D:4      | Reached skill level 8 in Polearms
  4638 | D:4      | Reached skill level 5 in Bows
  4638 | D:4      | Reached XP level 9. HP: 76/79 MP: 8/8
  4751 | D:4      | Noticed Sigmund
  4763 | D:4      | Killed Sigmund
  4830 | D:4      | Found a glowing golden altar of the Shining One.
  6549 | D:7      | Reached skill level 9 in Polearms
  6645 | D:7      | Found a burning altar of Makhleb.
  6645 | D:7      | Found an ancient bone altar of Kikubaaqudgha.
  7164 | D:8      | Reached **** piety under Trog
  7265 | D:8      | Noticed a brown ugly thing
  7616 | D:8      | Noticed a catoblepas
  7662 | D:8      | Slain by a catoblepas

Skill      XL: |  1  2  3  4  5  6  7  8  9 |
---------------+----------------------------+-----
Polearms       | 4 5 6 8 9 |  9.5
Fighting       | 4 5 6 7 |  7.8
Dodging        | 3 4 5 6 |  6.7
Armour         | 3 4 5 6 7 |  7.3
Bows           | 2 5 6 |  6.7

Action                   |  1- 3 |  4- 6 |  7- 9 || total
-------------------------+-------+-------+-------++-------
Melee: Spear             |    98 |    48 |       ||   146
       Headbutt          |    11 |    17 |    59 ||    87
       Trident           |       |   134 |   316 ||   450
 Fire: Shortbow          |       |       |    99 ||    99
Invok: Berserk           |     1 |     2 |     6 ||     9
       Burn Spellbooks   |       |       |     1 ||     1
  Use: Scroll            |       |     8 |       ||     8
  Eat: Chunk             |       |     5 |    13 ||    18
       Bread ration      |       |     1 |     1 ||     2
       Pizza             |       |       |     2 ||     2
Armor: Ring mail         |    11 |    62 |    78 ||   151
       Animal skin       |     1 |       |       ||     1
Dodge: Dodged            |    48 |    64 |   153 ||   265
